 Dungeon Crawl Stone Soup version 0.28.0-43-g3370ac3207 (webtiles) character file.

Game seed: 10424626516018997332

159 terff the Covered (level 5, -2/41 HPs)
             Began as a Human Fighter on Mar 20, 2022.
             Was a Follower of the Shining One.
             Slain by an ogre
             ... wielding a +0 giant club
              (12 damage)
             ... on level 4 of the Dungeon.
             The game lasted 00:09:02 (3029 turns).

terff the Covered (Human Fighter)                   Turns: 3029, Time: 00:09:02

Health: -2/41      AC: 12    Str: 18    XL:     5   Next: 68%
Magic:  2/5        EV:  5    Int:  9    God:    the Shining One [*.....]
Gold:   57         SH: 10    Dex: 12    Spells: 4/4 levels left

rFire   . . .      SeeInvis .   n - +2 short sword (protect)
rCold   . . .      Faith    .   c - +0 buckler
rNeg    + . .      Spirit   .   l - +1 plate armour
rPois   +          Reflect  .   (no helmet)
rElec   .          Harm     .   (no cloak)
rCorr   .          Rampage  .   (no gloves)
Will    .....                   (no boots)
Stlth   ..........              (no amulet)
HPRegen 0.13/turn               g - ring of poison resistance
MPRegen 0.09/turn               m - ring of positive energy

@: divinely shielded, glowing
A: no striking features
a: Renounce Religion, Divine Shield


You were on level 4 of the Dungeon.
You worshipped the Shining One.
The Shining One was aware of your devotion.
You visited 1 branch of the dungeon, and saw 4 of its levels.

You collected 57 gold pieces.

Inventory:

Hand Weapons
 a - a +0 long sword
 n - a +2 short sword of protection (weapon)
Armour
 b - a +0 scale mail
 c - a +0 buckler (worn)
 l - a +1 plate armour (worn)
Jewellery
 g - a ring of poison resistance (left hand)
 m - a ring of positive energy (right hand)
Scrolls
 i - 5 scrolls of identify
Potions
 d - a potion of might
 o - 2 potions of brilliance


   Skills:
 + Level 3.6 Fighting
 + Level 1.4(2.7) Short Blades
 + Level 3.5(3.7) Long Blades
 + Level 3.7 Armour
 + Level 0.2 Dodging
 + Level 3.5 Shields


You had 4 spell levels left.
You didn't know any spells.
Your spell library was empty.

Dungeon Overview and Level Annotations

Branches:
Dungeon (4/15)
 Temple: D:4-7

Altars:
The Shining One
Beogh

Shops:
D:2 (

Annotations:
D:3 3 runed translucent doors, Icepheonix32's ghost, amateur DsFi


Message History

The centaur zombie kicks you but does no damage.
The orc hits you with a +0 hand axe.
You puncture the centaur zombie!
You destroy the centaur zombie!
The Shining One accepts your kill.
You feel better. The orc barely misses you.
The orc hits you but does no damage.
You hit the orc.
The orc is heavily wounded.
The orc hits you but does no damage.
You hit the orc.
You kill the orc!
You see here a +0 hand axe.
Found a book of Debilitation.
A quokka comes into view.
You open the door.
An ogre comes into view. It is wielding a +0 giant club.
The ogre shouts!
The ogre moves out of view.
You barely miss the quokka.
The quokka bites you but does no damage.
You completely miss the quokka.
The quokka bites you but does no damage. x2
You puncture the ogre!
Your weapon exudes an aura of protection.
The ogre is moderately wounded.
The ogre hits you with a +0 giant club!!
Ouch! That really hurt!
You block the quokka's attack.
You hit the ogre.
The ogre is heavily wounded.
The quokka bites you but does no damage.
The ogre hits you with a +0 giant club.
* * * LOW HITPOINT WARNING * * *
The quokka barely misses you.
The quokka bites you but does no damage.
Your library has no spells.
Your shield is strengthened by the Shining One's divine power.
The ogre hits you with a +0 giant club!
You die...

#.....#..............
#.....#..............
#.#####.)............
##.#.......########+##
#..#.......# ....#
##..#.......#.....#
#'..#.......#.....#
##..#....O..'.....#
#..#...@r..#.....#
####.......# ##.##
.....#####....# .....
#..:.+ .... +....# ..
#....# . #....# ##.###


You could see an ogre and a quokka.

Vanquished Creatures
  A centaur zombie (D:4)
  5 adders
  A dart slug (D:1)
  10 orcs
  4 endoplasms
  6 giant cockroaches
  5 goblins
  A hobgoblin (D:1)
  4 jackals (D:2)
  4 quokkas
  4 ball pythons
  9 bats
  3 frilled lizards
  5 kobolds
  7 rats
69 creatures vanquished.

Notes
Turn   | Place    | Note
-------+----------+-------------------------------------------
     0 | D:1      | terff the Human Fighter began the quest for the Orb.
     0 | D:1      | Reached XP level 1. HP: 18/18 MP: 1/1
     4 | D:1      | Found a faded altar of an unknown god.
    11 | D:1      | Prayed at the altar of an unknown god.
    11 | D:1      | Became a worshipper of the Shining One
    11 | D:1      | Reached * piety under the Shining One
   158 | D:1      | Reached XP level 2. HP: 19/24 MP: 2/2
   677 | D:1      | Reached XP level 3. HP: 26/29 MP: 3/3
  1191 | D:2      | Found Winaotza's Weapon Shop.
  1504 | D:2      | Reached XP level 4. HP: 18/35 MP: 4/4
  2230 | D:3      | Found a runed translucent gate.
  2230 | D:3      | Noticed Icepheonix32's ghost (amateur DsFi)
  2231 | D:3      | Found a runed translucent gate.
  2232 | D:3      | Found a runed translucent gate.
  2234 | D:3      | Identified the +6 whip of Belugye {drain, Will+ Str+2}
  2373 | D:3      | Reached XP level 5. HP: 29/41 MP: 5/5
  2504 | D:3      | Reached skill level 1 in Short Blades
  3009 | D:4      | Reached ** piety under the Shining One
  3020 | D:4      | Noticed an ogre
  3029 | D:4      | Slain by an ogre

Illustrated notes

Levels and vault maps discovered:
D:1:      noname_arrival_rooms_in_the_neighbourhood, layout_loops_cross,
          basic_ecumenical_altar
D:2:      layout_rooms, serial_shops, shop_statue
D:3:      layout_loops_ring, biasface_ghost_orc_armoury, wad_orctagon
D:4:      minmay_wonky_spiral, layout_gridville, lemuel_round_altar,
          nicolae_qazlal_general_emergency, st_stairs_4, uniq_grinder,
          uniq_eustachio

Skill      XL: |  1  2  3  4  5 |
---------------+----------------+-----
Long Blades    | 3 |  3.5
Short Blades   | 1 |  1.4
Fighting       | |  3.6
Armour         | |  3.7
Dodging        | |  0.2
Shields        | |  3.5

Action                   |  1- 3 |  4- 6 || total
-------------------------+-------+-------++-------
Melee: Long sword        |    99 |    17 ||   116
       Short sword       |       |    82 ||    82
Invok: Divine Shield     |       |     1 ||     1
  Use: Scroll            |       |     7 ||     7
Armor: Scale mail        |    48 |       ||    48
       Plate armour      |    62 |    85 ||   147
Dodge: Dodged            |    47 |    27 ||    74
Block: Buckler           |    25 |    22 ||    47
